 Dungeon Crawl Stone Soup version 0.31-a0-358-gac0dbeb3ab (webtiles) character file.

Game seed: 4483113321139709659

9583 rlaxxx the Impaler (level 11, -7/84 HPs)
             Began as a Merfolk Gladiator on July 25, 2023.
             Was an Elder of Elyvilon.
             Mangled by an 11-headed hydra (10 damage)
             ... on level 10 of the Dungeon.
             The game lasted 00:47:46 (9552 turns).

rlaxxx the Impaler (Merfolk Gladiator)              Turns: 9552, Time: 00:47:47

Health: -7/84      AC: 19    Str: 25    XL:     11   Next: 48%
Magic:  10/11      EV: 13    Int: 10    God:    Elyvilon [****..]
Gold:   688        SH:  5    Dex: 16    Spells: 10/10 levels left

rFire   . . .        y - +4 glaive (venom)
rCold   . . .        (shield currently unavailable)
rNeg    . . .        b - +2 chain mail {Will+}
rPois   .            E - +2 helmet
rElec   .            v - +0 cloak
rCorr   .            N - +2 pair of gloves
SInv    .            (no boots)
Will    +....        u - amulet of reflection
Stlth   +            i - +9 ring of strength
HPRegen 0.34/turn    (no ring)
MPRegen 0.12/turn

%: reflection
@: invisible
A: (nimble swimmer 2), mertail
a: Renounce Religion, Purification, Heal Other, Heal Self


You were on level 10 of the Dungeon.
You worshipped Elyvilon.
Elyvilon was greatly pleased with you.
You visited 2 branches of the dungeon, and saw 11 of its levels.

You collected 2186 gold pieces.
You spent 1498 gold pieces at shops.

Inventory:

Hand Weapons
 a - a +0 trident
 y - a +4 glaive of venom (weapon)
Missiles
 d - 4 throwing nets (quivered)
 e - 6 javelins
 f - 5 boomerangs
 k - 8 poisoned darts
Armour
 b - a +2 chain mail of willpower (worn)
 v - a +0 cloak (worn)
 w - a +0 pair of gloves
 E - a +2 helmet (worn)
 H - a +0 plate armour
 M - the +1 chain mail of Grand Contentment {Regen+ MP-9 SInv Stlth+}
   (You found it on level 9 of the Dungeon)

   MP:        It affects your magic capacity (-9).
   SInv:      It lets you see invisible.
   Regen:     It increases your rate of health regeneration.
   Stlth:     It makes you more stealthy.
 N - a +2 pair of gloves (worn)
Jewellery
 i - a +9 ring of strength (left hand)
 p - a ring of poison resistance
 u - an amulet of reflection (around neck)
 x - an amulet of faith
 A - a ring of wizardry
 D - a ring of flight
 G - an amulet of magic regeneration
Wands
 c - a wand of flame (11)
 j - a wand of digging (7)
 B - a wand of mindburst (12)
 F - a wand of paralysis (7)
Scrolls
 g - 3 scrolls of fear
 h - 4 scrolls of revelation
 l - 3 scrolls of teleportation
 o - 3 scrolls of amnesia
 C - 2 scrolls of noise
 I - a scroll of identify
 J - a scroll of fog
Potions
 m - 3 potions of mutation
 n - a potion of cancellation
 q - a potion of attraction
 r - 4 potions of curing
 s - 2 potions of enlightenment
 z - a potion of brilliance
 L - a potion of ambrosia {unknown}
Miscellaneous
 K - a piece from Xom's chessboard (15/15)


   Skills:
 * Level 7.3 Fighting
 * Level 15.0 Polearms
 * Level 5.8 Throwing
 * Level 5.0 Armour
 * Level 8.7 Dodging
 * Level 6.3 Stealth
 + Level 1.6 Shields


You had 10 spell levels left.
You didn't know any spells.
Your spell library contained the following spells:

 Spells                   Type           Power      Damage    Failure   Level
 Magic Dart               Conj           0%         1d3       88%         1
 Sandblast                Erth           0%         2d4       88%         1
 Call Imp                 Summ           0%         N/A       96%         2
 Sublimation of Blood     Necr           0%         N/A       96%         2
 Wereblood                Tmut           0%         N/A       96%         2
 Mephitic Cloud           Conj/Pois/Air  0%         N/A       99%         3
 Summon Guardian Golem    Hex/Summ       0%         N/A       99%         3
 Orb of Destruction       Conj           0%         9d5       100%        7
 Spellforged Servitor     Conj/Summ      0%         N/A       100%        7
 Summon Hydra             Summ           0%         N/A       100%        7


Dungeon Overview and Level Annotations

Branches:
Dungeon (10/15)            Temple (1/1) D:4            Lair (0/5) D:9
    Orc: D:9-12

Altars:
Ashenzari
Cheibriados
Dithmenos
Elyvilon
Fedhas
Gozag
Hepliaklqana
Kikubaaqudgha
Makhleb
Nemelex Xobeh
Okawaru
Qazlal
Ru
Sif Muna
Trog
Uskayaw
Vehumet
Wu Jian
Xom
Yredelemnul
Zin
The Shining One

Shops:
D:1 *   D:3 =   D:5 *   D:9 *


Innate Abilities, Weirdness & Mutations

((You are very nimble when in or above water. (Stealth+, EV+, Speed+++)))
Your lower body shifts to a powerful aquatic tail in water.


Message History

The ten-headed hydra bites you!
You block the ten-headed hydra's attack.
You lop one of the ten-headed hydra's heads off!
The nine-headed hydra grows two more!
You slash the 11-headed hydra!
The 11-headed hydra is moderately wounded.
The 11-headed hydra bites you.
The 11-headed hydra bites you but does no damage.
The 11-headed hydra bites you.
The 11-headed hydra bites you but does no damage. x2
The 11-headed hydra bites you.
* * * LOW HITPOINT WARNING * * *
The 11-headed hydra bites you but does no damage. x5
The 11-headed hydra attacks as you move away!
The 11-headed hydra bites you!
* * * LOW HITPOINT WARNING * * *
The 11-headed hydra misses you. The 11-headed hydra bites you!
* * * LOW HITPOINT WARNING * * *
The 11-headed hydra bites you but does no damage.
The 11-headed hydra closely misses you. The 11-headed hydra bites you.
* * * LOW HITPOINT WARNING * * *
The 11-headed hydra barely misses you. You block the 11-headed hydra's attack.
The 11-headed hydra closely misses you. You block the 11-headed hydra's attack.
The 11-headed hydra barely misses you.
You fade into invisibility!
The 11-headed hydra misses you. The 11-headed hydra closely misses you.
The 11-headed hydra bites you but does no damage.
The 11-headed hydra bites you.
* * * LOW HITPOINT WARNING * * *
The 11-headed hydra completely misses you.
The 11-headed hydra barely misses you.
The 11-headed hydra bites you but does no damage.
The 11-headed hydra bites you.
* * * LOW HITPOINT WARNING * * *
The 11-headed hydra bites you but does no damage.
You block the 11-headed hydra's attack.
The 11-headed hydra bites you but does no damage.
There is a stone staircase leading up here.
The 11-headed hydra bites you but does no damage.
The 11-headed hydra bites you!
You die...

)###.#.#.#.#.........
#.###.#.#.##[########
#.# ###....#.# #D#
###..#.# #u.
####.########### ###}
#............ =#
#............ [
#....######### ##
#..uD@........
#....[........
#....######### #....#
#....# #....# #.....
#..... #.....


You could see a 11-headed hydra (unable to see you, very poisoned) and a red
ugly thing (unable to see you).

Vanquished Creatures
  Gastronok (D:8)
  A centaur warrior (D:10)
  A two-headed ogre (D:9)
  A deep elf pyromancer (D:10)
  3 ugly things (D:10)
  A cyclops (D:10)
  Grinder (D:6)
  A wyvern (D:7)
  3 shadows (D:9)
  5 yaks
  Eustachio (D:6)
  A wraith (D:9)
  2 steam dragons
  Edmund (D:6)
  An acid dragon (D:9)
  Duvessa (D:6)
  3 orc warriors
  An ice beast (D:5)
  A black bear (D:7)
  2 ogres
  A centaur (D:9)
  A kobold brigand (D:7)
  4 bullfrogs
  7 scorpions
  6 wights (D:8)
  Dowan (D:6)
  2 killer bees
  7 howler monkeys
  5 jellies
  6 orc priests
  2 sleepcaps
  3 iguanas
  9 orc wizards
  6 adders
  A gnoll (D:5)
  A white imp (D:7)
  An ufetubus (D:6)
  A worm (D:5)
  A dart slug (D:3)
  25 orcs
  5 ball pythons
  5 bats
  2 endoplasms (D:1)
  4 giant cockroaches
  4 goblins
  7 hobgoblins
  3 quokkas
  4 frilled lizards
  15 kobolds
  9 rats
180 creatures vanquished.

Notes
Turn   | Place    | Note
-------+----------+-------------------------------------------
     0 | D:1      | rlaxxx the Merfolk Gladiator began the quest for the Orb.
     0 | D:1      | Reached XP level 1. HP: 16/16 MP: 1/1
   145 | D:1      | Reached XP level 2. HP: 11/22 MP: 2/2
   596 | D:1      | Reached XP level 3. HP: 27/27 MP: 3/3
   708 | D:1      | Found Bumun's General Store.
   965 | D:2      | Found a white marble altar of Elyvilon.
   972 | D:2      | Reached skill level 5 in Polearms
   989 | D:2      | Became a worshipper of Elyvilon the Healer
  1549 | D:2      | Found a faded altar of an unknown god.
  1604 | D:2      | Identified a scroll of acquirement
  1604 | D:2      | Acquired 749 gold pieces
  1728 | D:3      | Reached * piety under Elyvilon
  1742 | D:3      | Reached XP level 4. HP: 34/34 MP: 4/4
  1749 | D:3      | Reached skill level 1 in Stealth
  1840 | D:3      | Found Xofeki's One-of-a-Kind Rings.
  2064 | D:3      | Reached XP level 5. HP: 39/39 MP: 5/5
  2206 | D:3      | Acquired 860 gold pieces
  2251 | D:3      | Bought a +9 ring of strength for 1092 gold pieces
  2596 | D:4      | Found a staircase to the Ecumenical Temple.
  2668 | D:4      | Reached ** piety under Elyvilon
  2907 | D:5      | Entered Level 5 of the Dungeon
  2914 | D:5      | You fall into a shaft and drop 3 floors!
  2935 | D:8      | Reached skill level 6 in Polearms
  2935 | D:8      | Reached skill level 5 in Dodging
  2939 | D:8      | Reached skill level 1 in Armour
  2939 | D:8      | Reached XP level 6. HP: 33/46 MP: 6/6
  3062 | D:6      | Noticed Duvessa
  3063 | D:6      | Noticed Dowan
  3092 | D:6      | Noticed an orc warrior
  3218 | D:5      | Identified the +6 long sword "Ronuwan" {pain, rN+}
  3324 | D:5      | Reached skill level 7 in Polearms
  3350 | D:5      | Reached XP level 7. HP: 40/52 MP: 7/7
  3729 | D:5      | Elyvilon protects you from harm!
  4107 | D:5      | Found a hide-covered altar of Uskayaw.
  4131 | D:5      | Found Zul Voub's Assorted Antiques.
  4141 | D:5      | Bought a glowing glaive for 228 gold pieces
  4264 | D:5      | Reached *** piety under Elyvilon
  4376 | D:5      | Found an ornate altar of the Wu Jian Council.
  4383 | D:5      | Noticed a spectral centipede
  4383 | D:5      | Noticed a spectral black mamba
  4383 | D:5      | Noticed a spectral cane toad
  4501 | D:5      | Found an opulent altar of Gozag.
  4569 | D:6      | Noticed Edmund
  4575 | D:6      | Killed Edmund
  4576 | D:6      | Reached skill level 8 in Polearms
  4772 | D:6      | Reached XP level 8. HP: 59/60 MP: 8/8
  4799 | D:6      | Found a broken altar of Ashenzari.
  4803 | D:6      | Noticed Eustachio
  4810 | D:6      | Killed Eustachio
  4886 | D:6      | Reached skill level 9 in Polearms
  4903 | D:6      | Reached skill level 1 in Shields
  5119 | D:6      | Killed Duvessa
  5128 | D:6      | Killed Dowan
  5129 | D:6      | Reached XP level 9. HP: 66/66 MP: 9/9
  5137 | D:6      | Noticed Grinder
  5179 | D:6      | Killed Grinder
  5180 | D:6      | Reached skill level 10 in Polearms
  5609 | D:6      | Found the +2 ratskin cloak {*Rats rPois rN+ Str-1 Int-1
                  | Dex+1}
  6192 | D:1      | Bought a scroll of identify for 26 gold pieces
  6269 | D:1      | You fall into a shaft and drop 1 floor!
  6312 | Temple   | Entered the Ecumenical Temple
  6480 | D:7      | Found a shadowy altar of Dithmenos.
  6621 | D:7      | Found a hazy altar of Hepliaklqana.
  6643 | D:7      | Reached skill level 5 in Fighting
  6701 | D:7      | Reached **** piety under Elyvilon
  6725 | D:7      | Found an iron altar of Okawaru.
  6869 | D:7      | Reached skill level 11 in Polearms
  7004 | D:8      | Noticed Gastronok
  7026 | D:8      | Killed Gastronok
  7027 | D:8      | Reached skill level 12 in Polearms
  7027 | D:8      | Reached skill level 5 in Stealth
  7027 | D:8      | Reached XP level 10. HP: 18/76 MP: 10/10
  7214 | D:8      | Found a sparkling altar of Nemelex Xobeh.
  7216 | D:8      | Found a stormy altar of Qazlal.
  7488 | D:8      | Reached skill level 5 in Throwing
  7498 | D:8      | Identified the +0 cloak "Cyul" {Str+4 Dex-3}
  7821 | D:9      | Noticed a two-headed ogre
  7947 | D:9      | Killed a two-headed ogre
  7948 | D:9      | Reached skill level 13 in Polearms
  7959 | D:9      | Found a shimmering altar of Xom.
  7969 | D:9      | Found a shimmering altar of Xom.
  7969 | D:9      | Found a shimmering altar of Xom.
  7969 | D:9      | Found a shimmering altar of Xom.
  7970 | D:9      | Found a shimmering altar of Xom.
  8027 | D:9      | Found Jexiog's Assorted Antiques.
  8035 | D:9      | Bought a glowing chain mail for 120 gold pieces
  8035 | D:9      | Bought a scroll of identify for 32 gold pieces
  8246 | D:9      | Found a staircase to the Lair.
  8484 | D:9      | Found a shimmering blue altar of Sif Muna.
  8849 | D:9      | Got Sif Muna's Vellum of Terrain
  8909 | D:9      | Found a snail-covered altar of Cheibriados.
  9099 | D:9      | Reached skill level 14 in Polearms
  9137 | D:9      | Reached XP level 11. HP: 82/83 MP: 11/11
  9219 | D:9      | Reached ***** piety under Elyvilon
  9221 | D:9      | Identified the +1 chain mail of Grand Contentment {Regen+
                  | MP-9 SInv Stlth+}
  9318 | D:10     | Entered Level 10 of the Dungeon
  9370 | D:10     | Noticed a centaur warrior
  9370 | D:10     | Noticed a red ugly thing
  9370 | D:10     | Noticed a cyan ugly thing
  9382 | D:10     | Killed a centaur warrior
  9415 | D:10     | Killed a red ugly thing
  9478 | D:10     | Noticed a deep elf pyromancer
  9479 | D:10     | Noticed a cyclops
  9482 | D:10     | Killed a cyclops
  9487 | D:10     | Killed a deep elf pyromancer
  9503 | D:10     | Noticed a red ugly thing
  9504 | D:10     | Noticed a seven-headed hydra
  9504 | D:10     | Noticed a green ugly thing
  9512 | D:10     | Killed a purple ugly thing
  9513 | D:10     | Reached skill level 5 in Armour
  9517 | D:10     | Killed a purple ugly thing
  9518 | D:10     | Reached skill level 15 in Polearms
  9546 | D:10     | HP: 1/84 [11-headed hydra (4)]
  9552 | D:10     | Mangled by an 11-headed hydra

Illustrated notes

Levels and vault maps discovered:
D:1:      dpeg_arrival_more_subterranean_lakeside_camping, layout_basic,
          serial_shops, nicolae_shop_rolling_square
D:2:      layout_loops_cross, dreamdust_ecumenical_altar_hidden_monk_grotto,
          basic_altar, minmay_misc_feat_alley, minmay_puff
D:3:      layout_rooms, nicolae_shop_unique_rings, kennysheep_generic_room_8
D:4:      layout_loops_ring, minmay_temple_entry_metal_lava
D:5:      layout_loops_cross, lemuel_coloured_pillars_altar,
          nicolae_gozag_cash_rules_everything_around_me,
          pdpol_wu_jian_five_deadly_venoms, serial_shops, nicolae_stop_n_shop_1,
          minmay_chambers_of_fives
D:6:      layout_basic, nicolae_ashenzari_panopticon, nicolae_benzene_ring,
          minmay_misc_feat_square, uniq_eustachio, uniq_duvessa, uniq_edmund,
          uniq_grinder
D:7:      layout_basic, grunt_dithmenos_smoke_and_mirrors,
          nicolae_hepliaklqana_hazy_memory, okawaru_metal_pillars_3
D:8:      layout_loops_ring, jmf_multi_god_temple, uniq_gastronok
D:9:      layout_basic, xom_redecorated, led_sif_book, pf_just_have_faith,
          dpeg_oklobed_lair, nicolae_stop_n_shop_1, minmay_quadrilaterals
D:10:     minmay_the_grid_triangle_9x9_recursive_2
          [minmay_the_grid_triangle_9x9_prize_center,
          minmay_the_grid_triangle_9x9_zippers_vertical,
          minmay_the_grid_triangle_9x9_intruding_spiral,
          minmay_the_grid_triangle_9x9_alien], layout_long_grid, enter_bailey_4,
          kennysheep_generic_room_15
Temple:   dpeg_chambers_temple

Skill      XL: |  1  2  3  4  5  6  7  8  9 10 11 |
---------------+----------------------------------+-----
Polearms       | 5 6 7 8 9 12 14 15 | 15.0
Stealth        | 1 2 3 5 6 |  6.3
Dodging        | 5 6 7 8 |  8.7
Armour         | 1 2 3 4 5 |  5.0
Fighting       | 3 4 6 7 |  7.3
Throwing       | 3 4 5 |  5.8
Shields        | 1 |  1.6

Action                     |  1- 3 |  4- 6 |  7- 9 | 10-12 || total
---------------------------+-------+-------+-------+-------++-------
  Melee: Trident           |   150 |   113 |    52 |       ||   315
         Tailslap          |     1 |       |       |       ||     1
         Punch             |     2 |       |     2 |       ||     4
         Glaive            |       |       |   136 |   144 ||   280
  Throw: Throwing net      |       |     1 |     1 |       ||     2
 Invoke: Heal Self         |       |       |       |     1 ||     1
    Use: Scroll            |     7 |     3 |     5 |     3 ||    18
         Potion            |       |       |     1 |     3 ||     4
   Stab: Sleeping          |     2 |     3 |       |       ||     5
         Held in net/web   |       |     2 |       |       ||     2
         Distracted        |       |       |     2 |       ||     2
 Armour: Leather armour    |    27 |     9 |       |       ||    36
         Chain mail        |       |    17 |    40 |    78 ||   135
  Dodge: Dodged            |    69 |    50 |    47 |    55 ||   221
  Block: Other             |       |    17 |    24 |    27 ||    68
         Reflection        |       |       |     4 |       ||     4

Table legend: (Time is in decaauts)
 A = Elapsed time spent in this place.
 B = Non-inter-level travel time spent in this place.
 C = Inter-level travel time spent in this place.
 D = Time resting spent in this place.
 E = Time spent auto-exploring this place.
 F = Levels seen in this place.
 G = Mean time per level.
                   A        B        C        D        E       F      G
               +--------+--------+--------+--------+--------+-----+--------+
         Total |   9583 |   8715 |    868 |   1526 |   4773 |  11 |  871.2 |
       Dungeon |   9557 |   8713 |    844 |   1526 |   4773 |  10 |  955.7 |
        Temple |     25 |      1 |     24 |      0 |      0 |   1 |   25.0 |
               +--------+--------+--------+--------+--------+-----+--------+

Top non-repeatable levels by time:
     D:5: 1694 daAuts
     D:9: 1392 daAuts
     D:6: 1198 daAuts
     D:8: 1068 daAuts
     D:1: 1011 daAuts
     D:2: 953 daAuts
     D:4: 717 daAuts
     D:3: 680 daAuts
     D:7: 609 daAuts
    D:10: 232 daAuts
  Temple: 25 daAuts
